 Dungeon Crawl Stone Soup version 0.29.1-2-gbd0b4ee654 (webtiles) character file.

Game seed: 7876189024883988895

836 croobank the Conjurer (level 7, -2/45 (51) HPs)
             Began as a Demonspawn Conjurer on Nov 1, 2022.
             Was an Initiate of Gozag.
             Slain by Edmund
             ... wielding a +4 dire flail of draining
              (8 damage)
             ... on level 5 of the Dungeon.
             The game lasted 00:20:44 (5276 turns).

croobank the Conjurer (Demonspawn Conjurer)         Turns: 5276, Time: 00:20:44

HP:   -2/45 (51)    AC:  5    Str:  7    XL:     7   Next: 66%
MP:   0/12          EV: 13    Int: 21    God:    Gozag
Gold: 359           SH:  0    Dex: 12    Spells: 3/13 levels left

rFire   . . .      SeeInvis .   c - +0 short sword
rCold   . . .      Faith    .   (no shield)
rNeg    . . .      Spirit   +   a - +0 robe
rPois   .          Reflect  .   p - +1 hat
rElec   .          Harm     .   (no cloak)
rCorr   .          Rampage  .   (no gloves)
Will    .....                   (no boots)
Stlth   ++........              (no amulet)
HPRegen 0.15/turn               (no ring)
MPRegen 0.26/turn               (no ring)

@: heavily drained
A: yellow scales 1, powered by death 2, magic shield, magic regeneration
a: Renounce Religion, Potion Petition, Call Merchant, Bribe Branch


You were on level 5 of the Dungeon.
You worshipped Gozag.
Gozag was aware of your devotion.
You visited 2 branches of the dungeon, and saw 6 of its levels.

You collected 449 gold pieces.
You paid 90 gold pieces to Gozag.

Inventory:

Hand Weapons
 c - a +0 short sword (weapon)
 h - a +1 flail
 i - a +0 mace
 s - a +0 halberd
 w - a +0 war axe
 z - a +0 trident
Missiles
 t - 15 poisoned darts (quivered)
Armour
 a - a +0 robe (worn)
 m - a +0 ring mail
 p - a +1 hat (worn)
 u - a +0 leather armour
Scrolls
 g - 2 scrolls of enchant weapon
 k - a scroll of immolation
 l - a scroll of magic mapping
 r - a scroll of fear
 y - a scroll of teleportation
 A - a scroll of identify
Potions
 b - 3 potions of magic
 d - 2 potions of brilliance
 e - a potion of mutation
 f - 6 potions of heal wounds
 n - a potion of resistance
 o - 3 potions of curing {unknown}
 q - a potion of haste {unknown}
 v - a potion of might {unknown}


   Skills:
 + Level 2.8 Fighting
 + Level 3.6 Dodging
 - Level 3.5 Stealth
 + Level 3.8 Spellcasting
 + Level 5.3 Conjurations
 - Level 2.3 Hexes
 + Level 2.4 Translocations


You had 3 spell levels left.
You knew the following spells:

 Your Spells              Type           Power      Damage    Failure   Level
a - Magic Dart            Conj           100%       1d8       1%          1
b - Searing Ray           Conj           52%        2d6       1%          2
c - Iskenderun's Mystic   Conj/Tloc      20%        2d6       26%         4
d - Dazzling Flash        Conj/Hex       40%        N/A       8%          3

Your spell library contained the following spells:

 Spells                   Type           Power      Damage    Failure   Level
 Apportation              Tloc           28%        N/A       4%          1
 Necrotise                Necr           12%        1d4       12%         1
 Summon Small Mammal      Summ           12%        N/A       12%         1
 Summon Guardian Golem    Hex/Summ       8%         N/A       22%         3
 Call Canine Familiar     Summ           3%         N/A       36%         3
 Fulminant Prism          Conj/Hex       10%        3d9       26%         4
 Alistair's Intoxication  Tmut/Pois      2%         N/A       98%         5


Dungeon Overview and Level Annotations

Branches:
Dungeon (5/15)             Temple (1/1) D:4

Altars:
Cheibriados
Fedhas
Gozag
Hepliaklqana
Kikubaaqudgha
Nemelex Xobeh
Okawaru
Qazlal
Ru
Sif Muna
Trog
Uskayaw
Vehumet
Wu Jian
Xom
Yredelemnul

Annotations:
D:4 Blork the orc
D:5 Edmund


Innate Abilities, Weirdness & Mutations

You are partially covered in yellow scales. (AC +2)
You regenerate health from kills.
When hurt, damage is shared between your health and your magic reserves.
You regenerate magic rapidly.


Message History

Confirm with . or Enter, or press ? or * to list all spells.
Aiming: Searing Ray (safe; 1% risk of failure)
Press: ? - help, Shift-Dir - straight line, f/p - Edmund
Aim: Edmund, wielding a +4 dire flail of draining and wearing a +0 ring mail (lightly wounded, 82% to hit)
The searing ray hits Edmund.
Edmund is moderately wounded. (Press . to maintain the ray.)
The searing ray misses Edmund.
The searing ray hits Edmund.
Edmund is moderately wounded.
The searing ray hits Edmund but does no damage.
Edmund is moderately wounded.
You finish channelling your searing ray.
Edmund hits you with a +4 dire flail of draining.
You feel drained.
Casting: Searing Ray (safe; 1% risk of failure)
Confirm with . or Enter, or press ? or * to list all spells.
Aiming: Searing Ray (safe; 1% risk of failure)
Press: ? - help, Shift-Dir - straight line, f/p - Edmund
Aim: Edmund, wielding a +4 dire flail of draining and wearing a +0 ring mail (moderately wounded, 82% to hit)
The searing ray hits Edmund.
Edmund is moderately wounded. (Press . to maintain the ray.) Edmund hits you with a +4 dire flail of draining.
You feel drained.
The searing ray hits Edmund.
Edmund is heavily wounded.
Edmund barely misses you.
The searing ray hits Edmund.
Edmund is severely wounded.
Edmund hits you with a +4 dire flail of draining!
You feel drained.
The searing ray hits Edmund.
Edmund is severely wounded.
You finish channelling your searing ray.
Edmund hits you with a +4 dire flail of draining!
* * * LOW HITPOINT WARNING * * *
You feel drained.
You die...
Your body crumbles into a pile of gold.

##########
##########........#
#.....)....######.#
#.#...........@...#
#.#....≈.....@#####
###.#.._.≈..PP..#
.........≈..PP..#
......≈≈≈≈..PP..#
............PP..#
.......)....PP..#
.......PPPPPPP..
.......PPPPPPP


You could see Edmund.

Vanquished Creatures
  An ice beast (D:5)
  2 ogres (D:4)
  2 scorpions
  2 orc priests
  2 iguanas
  6 orc wizards
  4 gnolls (D:3)
  5 adders
  2 worms
  5 dart slugs
  12 orcs
  5 endoplasms
  4 giant cockroaches
  8 goblins
  5 hobgoblins
  11 jackals
  2 quokkas
  8 ball pythons
  2 bats (D:3)
  2 frilled lizards
  4 kobolds
  7 rats
101 creatures vanquished.

Vanquished Creatures (others)
  A fungus (D:5)
1 creature vanquished.

Grand Total: 102 creatures vanquished

Notes
Turn   | Place    | Note
-------+----------+-------------------------------------------
     0 | D:1      | croobank the Demonspawn Conjurer began the quest for the
                  | Orb.
     0 | D:1      | Reached XP level 1. HP: 13/13 MP: 3/3
   428 | D:1      | Found a faded altar of an unknown god.
   448 | D:1      | Gained mutation: You regenerate magic rapidly. [demonic
                  | ancestry]
   448 | D:1      | Reached XP level 2. HP: 19/19 MP: 0/5
  1419 | D:2      | Reached XP level 3. HP: 22/24 MP: 1/6
  1502 | D:2      | Learned a level 2 spell: Searing Ray
  2225 | D:3      | Gained mutation: You regenerate a little health from kills.
                  | [demonic ancestry]
  2225 | D:3      | Reached XP level 4. HP: 31/31 MP: 5/7
  2297 | D:3      | Found a bloodstained altar of Trog.
  2372 | D:3      | Reached skill level 1 in Fighting
  2593 | D:3      | Gained mutation: You regenerate health from kills. [demonic
                  | ancestry]
  2593 | D:3      | Reached XP level 5. HP: 37/37 MP: 4/9
  3343 | D:4      | Learned a level 4 spell: Iskenderun's Mystic Blast
  3430 | D:4      | Found a blossoming altar of Fedhas.
  3467 | D:4      | Found a radiant altar of Vehumet.
  3628 | D:4      | Noticed an ogre
  3631 | D:4      | Noticed Blork the orc
  3642 | D:4      | Killed an ogre
  3643 | D:4      | Reached skill level 1 in Translocations
  3643 | D:4      | Gained mutation: You are partially covered in yellow
                  | scales. (AC +2) [demonic ancestry]
  3643 | D:4      | Reached XP level 6. HP: 44/44 MP: 5/10
  3893 | D:4      | Reached skill level 5 in Conjurations
  3893 | D:4      | Gained mutation: When hurt, damage is shared between your
                  | health and your magic reserves. [demonic ancestry]
  3893 | D:4      | Reached XP level 7. HP: 51/51 MP: 4/12
  3907 | D:4      | Learned a level 3 spell: Dazzling Flash
  4002 | D:4      | Found a staircase to the Ecumenical Temple.
  4013 | Temple   | Entered the Ecumenical Temple
  4018 | Temple   | Became a worshipper of Gozag Ym Sagoz the Greedy
  4152 | D:5      | Entered Level 5 of the Dungeon
  4171 | D:4      | Reached skill level 1 in Hexes
  5224 | D:5      | Found an ancient bone altar of Kikubaaqudgha.
  5265 | D:5      | Noticed Edmund
  5276 | D:5      | Slain by Edmund

Illustrated notes

Levels and vault maps discovered:
D:1:      evilmike_arrival_rings, layout_loops_corners,
          ebering_ecumenical_altar_box
D:2:      layout_basic
D:3:      layout_basic, old_standard_altar
D:4:      layout_rooms, mainiacjoe_overflow_six_doors_small,
          mainiacjoe_overflow_alcove_4, minmay_temple_entry_fiery,
          kennysheep_orc_chapel, uniq_blork_the_orc
D:5:      layout_basic, mainiacjoe_overflow_chevrons, uniq_crazy_yiuf_cottage,
          uniq_edmund
Temple:   minmay_freezing_vapour_temple

Skill      XL: |  1  2  3  4  5  6  7 |
---------------+----------------------+-----
Stealth        | 2 3 |  3.5
Dodging        | 2 3 |  3.6
Fighting       | 1 2 |  2.8
Spellcasting   | 3 |  3.8
Translocations | 1 2 |  2.4
Conjurations   | 5 |  5.3
Hexes          | 2 |  2.3

Action                   |  1- 3 |  4- 6 |  7- 9 || total
-------------------------+-------+-------+-------++-------
Melee: Unarmed           |     2 |       |       ||     2
       Short sword       |    13 |    11 |     1 ||    25
       Flail             |       |    16 |    19 ||    35
Throw: Dart              |       |     6 |       ||     6
 Cast: Magic Dart        |    72 |    60 |    14 ||   146
       Searing Ray       |     1 |    18 |    16 ||    35
  Use: Scroll            |       |     8 |     3 ||    11
 Stab: Sleeping          |     1 |     1 |     1 ||     3
       Distracted        |       |     1 |     1 ||     2
Armor: Robe              |     5 |     8 |    10 ||    23
Dodge: Dodged            |    13 |    28 |    15 ||    56
